 Dungeon Crawl Stone Soup version 0.32-a0-42-ga30500b (webtiles) character file.

Game seed: 11894557239902664893

998 FromWork the Shooter (level 8, -4/48 HPs)
             Began as a Deep Elf Berserker on Jan 29, 2024.
             Was a Believer of Trog.
             Splashed by a jelly's acid (8 damage)
             ... on level 5 of the Dungeon.
             The game lasted 00:11:05 (4144 turns).

FromWork the Shooter (Deep Elf Berserker)           Turns: 4144, Time: 00:11:07

Health: -4/48      AC:  2    Str: 16    XL:     8   Next: 0%
Magic:  10/10      EV:  9    Int: 13    God:    Trog [**....]
Gold:   149        SH:  0    Dex: 14    Spells: 7/7 levels left

rFire   . . .        a - +1 dagger (venom)
rCold   . . .        (no shield)
rNeg    . . .        o - +0 chain mail
rPois   .            (no helmet)
rElec   .            (no cloak)
rCorr   .            (no gloves)
SInv    +            c - +0 pair of boots
Will    .....        (no amulet) Stlth
                     e - ring of see invisible
HPRegen 0.28/turn    (no ring)
MPRegen 0.12/turn

%: no passive effects
@: corroded, on berserk cooldown, slowed, very slow
A: no striking features
a: Renounce Religion, Berserk, Trog's Hand


You were on level 5 of the Dungeon.
You worshipped Trog.
Trog was pleased with you.
You visited 1 branch of the dungeon, and saw 5 of its levels.

You collected 149 gold pieces.

Inventory:

Hand Weapons
 a - a +1 dagger of venom (weapon)
 b - a +0 sling
Missiles
 g - a throwing net (quivered)
Armour
 c - a +0 pair of boots (worn)
 o - a +0 chain mail (worn)
Jewellery
 e - a ring of see invisible (left hand)
Talismans
 d - a serpent talisman
Wands
 r - a wand of light (3)
 u - a wand of mindburst (16)
Scrolls
 h - 2 scrolls of fear {unknown}
 i - a scroll of noise {unknown}
 j - 2 scrolls of fog
 m - 2 scrolls of blinking {unknown}
 p - 3 scrolls of silence {unknown}
 t - a scroll of immolation {unknown}
 v - a scroll of enchant armour {unknown}
Potions
 f - 2 potions of mutation {unknown}
 k - a potion of lignification {unknown}
 l - 2 potions of magic {unknown}
 n - a potion of might {unknown}
 q - a potion of haste {unknown}
 s - 2 potions of invisibility {unknown}
 w - a potion of heal wounds {unknown}


   Skills:
 + Level 4.3 Fighting
 - Level 4.0 Short Blades
 * Level 7.2 Ranged Weapons
 - Level 2.5 Armour
 - Level 5.0 Dodging
 + Level 2.4 Evocations


You had 7 spell levels left.
You didn't know any spells.
Your spell library was empty.

Dungeon Overview and Level Annotations

Branches:
Dungeon (5/15)
 Temple: D:4-7

Altars:
Cheibriados
Fedhas
Qazlal
Wu Jian

Annotations:
D:5 2 transporters, Decysan's ghost, novice GrHs


Message History

You are exhausted.
You feel yourself slow down.
Aiming: Bolt of Light
Press: ? - help, Shift-Dir - straight line, f - gnoll sergeant
Aim: a gnoll sergeant, wielding a +0 spear and wearing a +0 ring mail (79% to hit)
The bolt of light hits the gnoll!!
You kill the gnoll!
Trog accepts your kill.
The bolt of light hits the gnoll sergeant!
The gnoll sergeant is heavily wounded.
The gnoll sergeant is blinded.
Aiming: Bolt of Light
Press: ? - help, Shift-Dir - straight line, f/p - gnoll sergeant
Aim: a gnoll sergeant, wielding a +0 spear and wearing a +0 ring mail (heavily wounded, blind, unable to see you, 79% to hit)
The bolt of light hits the orc!!
You kill the orc!
Trog accepts your kill.
The bolt of light hits the gnoll sergeant!!
You kill the gnoll sergeant!
Trog accepts your kill.
You hear a shout!
A gnoll comes into view. It is wielding a +0 whip.
You have reached level 8!
You feel clever.
You hit the jelly.
Your hands burn!
The jelly is moderately wounded.
The jelly barely misses you. The jelly closely misses you.
You barely miss the jelly.
The jelly is moderately wounded.
The jelly hits you.
* * * LOW HITPOINT WARNING * * *
The acid corrodes you!
You are splashed with acid.
* * * LOW HITPOINT WARNING * * *
You hit the jelly. The acid corrodes you!
Your hands burn!
* * * LOW HITPOINT WARNING * * *
The jelly is moderately wounded.
The jelly hits you.
* * * LOW HITPOINT WARNING * * *
You are splashed with acid!
You die...

......_.......##...........#.#
..♣♣.....♣♣...##..##.......# .
..♣..♣.♣..♣.........#........
#...♣♣.♣♣....................
#..............####......§§.
......##.###...# #... ≈
......#..# #..## #.# .≈≈
...#.##..####..####)##...≈~
..#.............@Jg)......§
...............#####.....≈.
.............###W55###..#≈≈
............##....... .#
...###...>..#..#.#...# ..
....#...#.#.#..#. ...# ..
.......##.#.##... .#.##.) .##
.#####.#..#..#..# ..#.#.. ..
.####..# ..©# #.##.


You could see a jelly, 2 quasits and a gnoll.

Vanquished Creatures
  Sigmund (D:4)
  An ice beast (D:5)
  A black bear (D:4)
  An ogre (D:4)
  A bullfrog (D:5)
  Blork the orc (D:5)
  A gnoll sergeant (D:5)
  2 jellies
  3 hounds (D:5)
  An iguana (D:5)
  An orc wizard (D:5)
  Natasha (thrice) (D:4)
  A gnoll (D:5)
  5 adders
  A white imp (D:5)
  A dart slug (D:3)
  A ribbon worm (D:2)
  11 orcs
  3 bats
  7 endoplasms
  3 giant cockroaches
  4 goblins
  7 hobgoblins
  3 jackals (D:1)
  4 kobolds
  2 quokkas
  2 ball pythons
  4 frilled lizards
  8 rats
84 creatures vanquished.

Vanquished Creatures (others)
  A bombardier beetle (D:5)
1 creature vanquished.

Grand Total: 85 creatures vanquished

Notes
Turn   | Place    | Note
-------+----------+-------------------------------------------
     0 | D:1      | FromWork the Deep Elf Berserker began the quest for the
                  | Orb.
     0 | D:1      | Reached XP level 1. HP: 13/13 MP: 3/3
   205 | D:1      | Reached XP level 2. HP: 17/18 MP: 4/4
   324 | D:1      | Found a faded altar of an unknown god.
   664 | D:2      | Reached XP level 3. HP: 22/22 MP: 5/5
   859 | D:2      | Reached ** piety under Trog
  1905 | D:3      | Reached XP level 4. HP: 21/27 MP: 6/6
  2111 | D:3      | Found a blossoming altar of Fedhas.
  2168 | D:3      | Found a stormy altar of Qazlal.
  2244 | D:3      | Found an ornate altar of the Wu Jian Council.
  2333 | D:4      | Noticed Natasha
  2341 | D:4      | Killed Natasha
  2342 | D:4      | Reached skill level 1 in Ranged Weapons
  2453 | D:4      | Noticed Natasha
  2463 | D:4      | Killed Natasha
  2464 | D:4      | Reached XP level 5. HP: 31/32 MP: 7/7
  2502 | D:4      | Noticed an ogre
  2507 | D:4      | Noticed a black bear
  2683 | D:4      | Killed a black bear
  2684 | D:4      | Reached skill level 3 in Ranged Weapons
  2755 | D:4      | Noticed Natasha
  2764 | D:4      | Killed Natasha
  2859 | D:4      | Killed an ogre
  2860 | D:4      | Reached skill level 4 in Ranged Weapons
  2860 | D:4      | Reached XP level 6. HP: 37/37 MP: 8/8
  2952 | D:4      | Noticed Sigmund
  2976 | D:4      | Killed Sigmund
  2977 | D:4      | Reached skill level 5 in Ranged Weapons
  3372 | D:5      | Entered Level 5 of the Dungeon
  3383 | D:5      | Reached XP level 7. HP: 38/42 MP: 9/9
  3491 | D:5      | Found a snail-covered altar of Cheibriados.
  3496 | D:5      | Reached skill level 5 in Dodging
  3639 | D:5      | Reached skill level 1 in Evocations
  3793 | D:5      | Noticed Blork the orc
  3806 | D:5      | Killed Blork the orc
  3807 | D:5      | Reached skill level 6 in Ranged Weapons
  4007 | D:5      | Found a transporter.
  4019 | D:5      | Found a transporter.
  4100 | D:5      | Noticed Decysan's ghost (novice GrHs)
  4131 | D:5      | Reached skill level 7 in Ranged Weapons
  4141 | D:5      | Reached XP level 8. HP: 17/48 MP: 10/10
  4144 | D:5      | Splashed by a jelly's acid

Illustrated notes

Levels and vault maps discovered:
D:1:      minmay_arrival_doors, layout_rooms, basic_ecumenical_altar,
          solitary_fountain
D:2:      layout_basic
D:3:      layout_rooms, fedhas_altar_4, jmf_multi_god_temple2,
          minmay_box_of_dots
D:4:      layout_basic, uniq_natasha, uniq_sigmund
D:5:      layout_cave_pools, xom_confusion_cloud,
          mainiacjoe_overflow_small_starburst, gammafunk_ghost_stat_death,
          serial_shops, nicolae_shop_stone, uniq_blork_the_orc

Skill      XL: |  1  2  3  4  5  6  7 |
---------------+----------------------+-----
Dodging        | 3 4 5 |  5.0
Armour         | 2 |  2.5
Short Blades   | 4 |  4.0
Fighting       | 3 4 |  4.3
Ranged Weapons | 1 4 5 7 |  7.2
Evocations     | 2 |  2.4

Action                     |  1- 3 |  4- 6 |  7- 9 || total
---------------------------+-------+-------+-------++-------
  Melee: Short sword       |   221 |       |       ||   221
         Punch             |     2 |       |     1 ||     3
         Dagger            |       |    51 |    71 ||   122
   Fire: Sling             |       |    30 |    25 ||    55
 Invoke: Berserk           |     2 |     5 |     3 ||    10
  Evoke: Wand              |       |       |     2 ||     2
    Use: Scroll            |     3 |     1 |       ||     4
   Stab: Sleeping          |     1 |       |       ||     1
 Armour: Animal skin       |    92 |    29 |    20 ||   141
         Chain mail        |       |       |    20 ||    20
  Dodge: Dodged            |   119 |    44 |    42 ||   205

Table legend: (Time is in decaauts)
 A = Elapsed time spent in this place.
 B = Non-inter-level travel time spent in this place.
 C = Inter-level travel time spent in this place.
 D = Time resting spent in this place.
 E = Time spent auto-exploring this place.
 F = Levels seen in this place.
 G = Mean time per level.
                   A        B        C        D        E       F      G
               +--------+--------+--------+--------+--------+-----+--------+
         Total |   4154 |   3970 |    184 |    808 |   2395 |   5 |  830.8 |
       Dungeon |   4154 |   3970 |    184 |    808 |   2395 |   5 |  830.8 |
               +--------+--------+--------+--------+--------+-----+--------+

Top non-repeatable levels by time:
     D:2: 1052 daAuts
     D:4: 961 daAuts
     D:3: 816 daAuts
     D:5: 766 daAuts
     D:1: 558 daAuts
